 Dungeon Crawl Stone Soup version 0.28-a0-407-g69098e2f6d (webtiles) character file.

Game seed: 7805724995122886665

4 rogsnak the Skirmisher (level 1, -1/18 HPs)
             Began as a Demonspawn Cinder Acolyte on Sept 6, 2021.
             Was a High Priest of Ignis.
             Slain by a rat (2 damage)
             ... on level 1 of the Dungeon.
             The game lasted 00:00:53 (193 turns).

rogsnak the Skirmisher (Demonspawn Cinder Acolyte)   Turns: 193, Time: 00:00:54

Health: -1/18      AC:  2    Str: 14    XL:     1   Next: 50%
Magic:  2/2        EV: 11    Int: 15    God:    Ignis [*****.]
Gold:   3          SH:  0    Dex:  8    Spells: 2/2 levels left

rFire   + . .      SeeInvis .   a - -1 falchion (flame)
rCold   . . .      Faith    .   (no shield)
rNeg    . . .      Spirit   .   b - +0 robe
rPois   .          Reflect  .   (no helmet)
rElec   .          Harm     .   (no cloak)
rCorr   .          Rampage  .   (no gloves)
Will    .....                   (no boots)
Stlth   +.........              (no amulet)
HPRegen 0.06/turn               (no ring)
MPRegen 0.08/turn               (no ring)

@: no status effects
A: no striking features
a: Renounce Religion, Sea of Fire, Foxfire Swarm, Rising Flame


You were on level 1 of the Dungeon.
You worshipped Ignis.
Ignis was extremely pleased with you.
You visited 1 branch of the dungeon, and saw 1 of its levels.

You collected 3 gold pieces.

Inventory:

Hand Weapons
 a - a -1 falchion of flaming (weapon)
 d - a +0 long sword
Armour
 b - a +0 robe (worn)
Scrolls
 c - a scroll of amnesia {unknown}


   Skills:
 + Level 3.0 Fighting
 + Level 2.6 Long Blades
 + Level 1.0 Spellcasting
 + Level 2.9 Fire Magic


You had 2 spell levels left.
You didn't know any spells.
Your spell library contained the following spells:

 Spells                   Type           Power      Damage    Failure   Level
 Scorch                   Fire           18%        2d5       11%         2


Dungeon Overview and Level Annotations

Branches:
Dungeon (1/15)

Altars:


Message History

The dart slug is moderately wounded.
You hit the dart slug. You burn the dart slug.
You kill the dart slug!
You see here a +0 long sword.
d - a +0 long sword Your -1 falchion of flaming stops flaming.
d - a +0 long sword (weapon)
Your -1 falchion of flaming bursts into flame!
a - a -1 falchion of flaming (weapon)
Found a stone staircase leading down.
Found a stone staircase leading down.
There is a stone staircase leading down here.
A kobold comes into view. It is wielding a +0 dagger.
Found 18 stones.
The kobold hits you with a +0 dagger. The kobold hits you but does no damage.
The kobold hits you with a +0 dagger.
A rat comes into view.
Found a robe.
The kobold closely misses you.
You see here 18 stones.
The kobold hits you with a +0 dagger. The kobold hits you with a +0 dagger.
The rat bites you but does no damage. The kobold hits you but does no damage.
The rat barely misses you. The kobold hits you but does no damage.
The rat bites you but does no damage. The kobold misses you. The rat bites you.
The kobold barely misses you. The rat closely misses you.
The kobold hits you with a +0 dagger. The rat barely misses you.
The kobold closely misses you. The rat bites you.
* * * LOW HITPOINT WARNING * * *
The kobold hits you with a +0 dagger.
* * * LOW HITPOINT WARNING * * *
The rat completely misses you. The kobold hits you with a +0 dagger.
* * * LOW HITPOINT WARNING * * *
The rat bites you.
* * * LOW HITPOINT WARNING * * *
The kobold closely misses you. The rat barely misses you.
The kobold hits you but does no damage. The rat bites you.
You die...

#.# ... # #.# #.
#.# ###.##.####
##......[..
#......r.#########
.......@K........##
#
#.................#
#
##.....#.#######..#
# #.#.###.#
###..###### .....
#.# #.........>
...# #.#
#.#....#### ### #.#
#.##.#.# #.# #
#.#.# #.#.#


You could see a kobold and a rat.

Vanquished Creatures
  A dart slug (D:1)
  A ball python (D:1)
  A bat (D:1)
3 creatures vanquished.

Notes
Turn   | Place    | Note
-------+----------+-------------------------------------------
     0 | D:1      | rogsnak the Demonspawn Cinder Acolyte began the quest for
                  | the Orb.
     0 | D:1      | Reached XP level 1. HP: 18/18 MP: 2/2
   193 | D:1      | Slain by a rat

Illustrated notes

Levels and vault maps discovered:
D:1:      shiori_arrival_maze, layout_loops_ring,
          shapermc_ecumenical_altar_ellora

Action                   || total
-------------------------++-------
Melee: Falchion          ||     5
Armor: Robe              ||     6
Dodge: Dodged            ||    15

Table legend: (Time is in decaauts)
 A = Elapsed time spent in this place.
 B = Non-inter-level travel time spent in this place.
 C = Inter-level travel time spent in this place.
 D = Time resting spent in this place.
 E = Time spent auto-exploring this place.
 F = Levels seen in this place.
 G = Mean time per level.
                   A        B        C        D        E       F      G
               +--------+--------+--------+--------+--------+-----+--------+
         Total |    192 |    192 |      0 |      0 |    144 |   1 |  192.0 |
       Dungeon |    192 |    192 |      0 |      0 |    144 |   1 |  192.0 |
               +--------+--------+--------+--------+--------+-----+--------+

Top non-repeatable levels by time:
     D:1: 192 daAuts
